SA
DELAWARE 1787 BC @ ATHLETIC CLUB KC U-21
07/30/2029
 
TOP OF THE 1ST
Delaware 1787 BC batting - Pitching for Athletic Club KC U-21 : LHP Dave Parkinson
Pitching: LHP Dave Parkinson
Batting: RHB Toyozo Yamasaki 0-0: Ball
1-0: Foul Ball, location: 2F
1-1: Swinging Strike
1-2: SINGLE (Groundball, 34D)
Batting: RHB Mike Pate 0-0: Foul Ball, location: 2F
0-1: Fly out, F8 (Flyball, 8RD)
Batting: RHB Jeff Quesenberry 0-0: Called Strike
0-1: Called Strike
Toyozo Yamasaki steals 2nd base
0-2: Foul Ball, location: 2F
0-2: Foul Ball, location: 2F
0-2: Strikes out looking
Batting: RHB Elwiin Hund 0-0: Swinging Strike
0-1: Ball
1-1: Ball
2-1: Swinging Strike
2-2: Strikes out swinging
Top of the 1st over - 0 runs, 1 hit, 0 errors, 1 left on base; Delaware 0 - Athletic Club KC 0
BOTTOM OF THE 1ST
Athletic Club KC U-21 batting - Pitching for Delaware 1787 BC : RHP Charles Wells
Pitching: RHP Charles Wells
Batting: LHB Pablo Hernández 0-0: Ball
1-0: Swinging Strike
1-1: Foul Ball, location: 2F
1-2: Strikes out swinging
Batting: RHB José Torres 0-0: Foul Ball, location: 2F
0-1: Ball
1-1: Ball
2-1: Ground out 6-3 (Groundball, 56D)
Batting: LHB José Antonio Mireles 0-0: Foul Ball, location: 2F
0-1: Ground out 6-3 (Groundball, 6)
Bottom of the 1st over - 0 runs, 0 hits, 0 errors, 0 left on base; Delaware 0 - Athletic Club KC 0
TOP OF THE 2ND
Delaware 1787 BC batting - Pitching for Athletic Club KC U-21 : LHP Dave Parkinson
Batting: SHB Curt Pack 0-0: Fly out, F6 (Popup, 4MD)
Batting: LHB Bryce Abood 0-0: Called Strike
0-1: Ball
1-1: Foul Ball, location: 2F
1-2: Ball
2-2: Strikes out swinging
Batting: RHB John Willoughby 0-0: Ground out 5-3 (Groundball, 56S)
Top of the 2nd over - 0 runs, 0 hits, 0 errors, 0 left on base; Delaware 0 - Athletic Club KC 0
BOTTOM OF THE 2ND
Athletic Club KC U-21 batting - Pitching for Delaware 1787 BC : RHP Charles Wells
Batting: LHB Miguel Vásquez 0-0: Ball
1-0: Ball
2-0: Called Strike
2-1: DOUBLE (Groundball, 3L)
Batting: RHB José Hernández 0-0: Ball
1-0: Fly out, F4 (Line Drive, 4)
Batting: SHB Martín Gonzáles 0-0: Fly out, F9 (Flyball, 9LD)
Runner from 2nd tags up, SAFE at 3rd, no throw
Batting: RHB Francisco Vigil 0-0: SINGLE (Flyball, 89M)
Miguel Vásquez scores
Batting: RHB Bing-zhong Wu 0-0: Ball
1-0: Fielders Choice at 2nd, 5-4 (Groundball, 56)
Bottom of the 2nd over - 1 run, 2 hits, 0 errors, 1 left on base; Delaware 0 - Athletic Club KC 1
TOP OF THE 3RD
Delaware 1787 BC batting - Pitching for Athletic Club KC U-21 : LHP Dave Parkinson
Batting: RHB Tobias Jimenez 0-0: Called Strike
0-1: Called Strike
0-2: SINGLE (Groundball, 56D)
Batting: LHB Donovan Inman 0-0: Ball
1-0: Foul Ball, location: 2F
1-1: Ball
2-1: Ball
3-1: Fly out, F8 (Flyball, 8LM)
Batting: RHB Toyozo Yamasaki 0-0: SINGLE (Groundball, 6MD)
Tobias Jimenez to second
Batting: RHB Mike Pate 0-0: Called Strike
0-1: Fly out, F7 (Flyball, 7S)
Batting: RHB Jeff Quesenberry 0-0: Ball
1-0: Swinging Strike
1-1: Ball
2-1: SINGLE (Groundball, 34D)
Tobias Jimenez to third
Toyozo Yamasaki to second
Runner from 3rd tries for Home, SAFE, no throw
Batting: RHB Elwiin Hund 0-0: Fielders Choice at 2nd, 5-4 (Groundball, 56)
Top of the 3rd over - 1 run, 3 hits, 0 errors, 2 left on base; Delaware 1 - Athletic Club KC 1
BOTTOM OF THE 3RD
Athletic Club KC U-21 batting - Pitching for Delaware 1787 BC : RHP Charles Wells
Batting: SHB José García 0-0: Called Strike
0-1: Fly out, F5 (Line Drive, 5)
Batting: LHB Pablo Hernández 0-0: Ball
1-0: SINGLE (Groundball, 5D)
Batting: RHB José Torres 0-0: Ball
1-0: Called Strike
1-1: Swinging Strike
1-2: Foul Ball, location: 2F
1-2: Foul Ball, location: 2F
1-2: Strikes out swinging
Batting: LHB José Antonio Mireles 0-0: Called Strike
0-1: Ground out 5-3 (Groundball, 56S)
Bottom of the 3rd over - 0 runs, 1 hit, 0 errors, 1 left on base; Delaware 1 - Athletic Club KC 1
TOP OF THE 4TH
Delaware 1787 BC batting - Pitching for Athletic Club KC U-21 : LHP Dave Parkinson
Batting: SHB Curt Pack 0-0: Called Strike
0-1: Ball
1-1: Ball
2-1: Foul Ball, location: 2F
2-2: Foul Ball, location: 2F
2-2: Ground out 4-3 (Groundball, 4)
Batting: LHB Bryce Abood 0-0: Foul Ball, location: 2F
0-1: Swinging Strike
0-2: Strikes out looking
Batting: RHB John Willoughby 0-0: Called Strike
0-1: Ball
1-1: Ball
2-1: Ball
3-1: Foul Ball, location: 2F
3-2: Strikes out swinging
Top of the 4th over - 0 runs, 0 hits, 0 errors, 0 left on base; Delaware 1 - Athletic Club KC 1
BOTTOM OF THE 4TH
Athletic Club KC U-21 batting - Pitching for Delaware 1787 BC : RHP Charles Wells
Batting: LHB Miguel Vásquez 0-0: Called Strike
0-1: Ground out 1-3 (Groundball, P)
Batting: RHB José Hernández 0-0: Ball
1-0: Ball
2-0: Ball
3-0: Called Strike
3-1: Foul Ball, location: 2F
3-2: Base on Balls
Batting: SHB Martín Gonzáles 0-0: Ball
1-0: Ball
2-0: Ball
3-0: Base on Balls
José Hernández to second
Batting: RHB Francisco Vigil 0-0: Ball
1-0: Fly out, F9 (Flyball, 9D)
Runner from 2nd tags up, SAFE at 3rd, no throw
Batting: RHB Bing-zhong Wu 0-0: Called Strike
0-1: Ball
1-1: Ball
2-1: Foul Ball, location: 2F
2-2: Strikes out swinging
Bottom of the 4th over - 0 runs, 0 hits, 0 errors, 2 left on base; Delaware 1 - Athletic Club KC 1
TOP OF THE 5TH
Delaware 1787 BC batting - Pitching for Athletic Club KC U-21 : LHP Dave Parkinson
Batting: RHB Tobias Jimenez 0-0: Swinging Strike
0-1: Ball
1-1: Ball
2-1: Ball
3-1: Base on Balls
Batting: LHB Donovan Inman 0-0: Foul Ball, location: 2F
0-1: Swinging Strike
0-2: Ball
1-2: Ball
2-2: Strikes out swinging
Batting: RHB Toyozo Yamasaki 0-0: Fly out, F7 (Line Drive, 7)
Batting: RHB Mike Pate 0-0: Ball
1-0: Ball
2-0: Ball
3-0: Called Strike
3-1: Base on Balls
Tobias Jimenez to second
Batting: RHB Jeff Quesenberry 0-0: Foul Ball, location: 2F
0-1: Fly out, F5 (Popup, 25F)
Top of the 5th over - 0 runs, 0 hits, 0 errors, 2 left on base; Delaware 1 - Athletic Club KC 1
BOTTOM OF THE 5TH
Athletic Club KC U-21 batting - Pitching for Delaware 1787 BC : RHP Charles Wells
Batting: SHB José García 0-0: Called Strike
0-1: Ball
1-1: Fly out, F6 (Popup, 6MS)
Batting: LHB Pablo Hernández 0-0: Fly out, F8 (Flyball, 8LD)
Batting: RHB José Torres 0-0: Ball
1-0: Foul Ball, location: 2F
1-1: SINGLE (Line Drive, 8RS)
Batting: LHB José Antonio Mireles 0-0: Ball
1-0: Called Strike
1-1: Foul Ball, location: 2F
1-2: Ball
2-2: Ball
3-2: Strikes out swinging
Bottom of the 5th over - 0 runs, 1 hit, 0 errors, 1 left on base; Delaware 1 - Athletic Club KC 1
TOP OF THE 6TH
Delaware 1787 BC batting - Pitching for Athletic Club KC U-21 : LHP Dave Parkinson
Batting: RHB Elwiin Hund 0-0: Ball
1-0: Ball
2-0: Foul Ball, location: 2F
2-1: Swinging Strike
2-2: SINGLE (Groundball, 56D)
Batting: SHB Curt Pack 0-0: Ball
1-0: DOUBLE (Line Drive, 9LS)
Elwiin Hund to third
Batting: LHB Bryce Abood 0-0: Ball
1-0: Foul Ball, location: 2F
1-1: Swinging Strike
1-2: Foul Ball, location: 2F
1-2: Foul Ball, location: 2F
1-2: Ball
2-2: Ball
3-2: Strikes out looking
Batting: RHB John Willoughby 0-0: Intentional Walk
Batting: RHB Tobias Jimenez 0-0: Grounds into fielders choice 3-2 (Groundball, 3L)
Curt Pack to third
John Willoughby to second
Batting: LHB Donovan Inman 0-0: Called Strike
0-1: Foul Ball, location: 2F
0-2: Ball
1-2: Foul Ball, location: 2F
1-2: Ball
2-2: Fly out, F9 (Flyball, 9S)
Top of the 6th over - 0 runs, 2 hits, 0 errors, 3 left on base; Delaware 1 - Athletic Club KC 1
BOTTOM OF THE 6TH
Athletic Club KC U-21 batting - Pitching for Delaware 1787 BC : RHP Charles Wells
Batting: LHB Miguel Vásquez 0-0: Called Strike
0-1: TRIPLE (Flyball, 8RXD)
Batting: RHB José Hernández 0-0: Intentional Walk
Batting: SHB Martín Gonzáles 0-0: Called Strike
0-1: Foul Ball, location: 2F
0-2: Foul Ball, location: 2F
0-2: DOUBLE (Flyball, 78D)
Miguel Vásquez scores
José Hernández to third
Batting: RHB Francisco Vigil 0-0: Intentional Walk
Batting: RHB Bing-zhong Wu 0-0: Foul Ball, location: 2F
0-1: Ball
1-1: Ball
2-1: Foul Ball, location: 2F
2-2: Ball
3-2: SINGLE (Groundball, 3D)
José Hernández scores
Martín Gonzáles to third
Francisco Vigil to second
Batting: SHB José García 0-0: Grounds into fielders choice 4-2 (Groundball, 4)
Francisco Vigil to third
Bing-zhong Wu to second
Batting: LHB Pablo Hernández 0-0: Called Strike
0-1: Ball
1-1: SINGLE (Line Drive, 6D)
Francisco Vigil scores
Bing-zhong Wu to third
José García to second
Batting: RHB José Torres 0-0: Ball
1-0: Fly out, F3 (Popup, 34S)
Batting: LHB José Antonio Mireles 0-0: Ball
1-0: Ball
2-0: Ball
3-0: Called Strike
3-1: Base on Balls
Bing-zhong Wu scores
José García to third
Pablo Hernández to second
Batting: LHB Miguel Vásquez 0-0: Called Strike
0-1: Foul Ball, location: 2F
0-2: Ball
1-2: Foul Ball, location: 2F
1-2: Foul Ball, location: 2F
1-2: Fly out, F7 (Flyball, 7LSF)
Bottom of the 6th over - 4 runs, 4 hits, 0 errors, 3 left on base; Delaware 1 - Athletic Club KC 5
TOP OF THE 7TH
Delaware 1787 BC batting - Pitching for Athletic Club KC U-21 : LHP Dave Parkinson
Batting: RHB Toyozo Yamasaki 0-0: Fly out, F2 (Popup, 13S)
Batting: RHB Mike Pate 0-0: Called Strike
0-1: Ball
1-1: Called Strike
1-2: Strikes out swinging
Batting: RHB Jeff Quesenberry 0-0: Fly out, F7 (Flyball, 78D)
Top of the 7th over - 0 runs, 0 hits, 0 errors, 0 left on base; Delaware 1 - Athletic Club KC 5
BOTTOM OF THE 7TH
Athletic Club KC U-21 batting - Pitching for Delaware 1787 BC : RHP Charles Wells
Batting: RHB José Hernández 0-0: Called Strike
0-1: Ball
1-1: Fly out, F9 (Line Drive, 9)
Batting: SHB Martín Gonzáles 0-0: Ball
1-0: Ground out 5-3 (Groundball, 5L)
Batting: RHB Francisco Vigil 0-0: Swinging Strike
0-1: Ball
1-1: Ball
2-1: Foul Ball, location: 2F
2-2: Ball
3-2: Strikes out swinging, 2-3 out at first.
Bottom of the 7th over - 0 runs, 0 hits, 0 errors, 0 left on base; Delaware 1 - Athletic Club KC 5
TOP OF THE 8TH
Delaware 1787 BC batting - Pitching for Athletic Club KC U-21 : LHP Dave Parkinson
Pitching: RHP Bob Sosa
Batting: RHB Elwiin Hund 0-0: Ball
1-0: Called Strike
1-1: Hit by Pitch
Batting: SHB Curt Pack 0-0: Swinging Strike
0-1: Foul Ball, location: 2F
0-2: Strikes out swinging
Batting: LHB Bryce Abood 0-0: Ball
1-0: Called Strike
1-1: Ball
2-1: Ball
3-1: Foul Ball, location: 2F
3-2: Base on Balls
Elwiin Hund to second
Batting: RHB John Willoughby 0-0: Ball
1-0: Called Strike
1-1: Ball
2-1: Ball
3-1: Grounds into double play, 6-4-3 (Groundball, 6)
Top of the 8th over - 0 runs, 0 hits, 0 errors, 1 left on base; Delaware 1 - Athletic Club KC 5
BOTTOM OF THE 8TH
Athletic Club KC U-21 batting - Pitching for Delaware 1787 BC : RHP Charles Wells
Batting: RHB Bing-zhong Wu 0-0: Ground out 6-3 (Groundball, 56)
Batting: SHB José García 0-0: Foul Ball, location: 2F
0-1: SINGLE (Line Drive, 34D)
Batting: LHB Pablo Hernández Pickoff Throw to First - Out!
0-0: Ball
1-0: Foul Ball, location: 2F
1-1: Ball
2-1: Fly out, F5 (Popup, 56S)
Bottom of the 8th over - 0 runs, 1 hit, 0 errors, 0 left on base; Delaware 1 - Athletic Club KC 5
TOP OF THE 9TH
Delaware 1787 BC batting - Pitching for Athletic Club KC U-21 : RHP Bob Sosa
Batting: RHB Tobias Jimenez 0-0: Ball
1-0: Foul Ball, location: 2F
1-1: SINGLE (Groundball, 56) (infield hit)
Batting: LHB Donovan Inman 0-0: Foul Ball, location: 2F
0-1: Ball
1-1: Ball
2-1: Ball
3-1: Base on Balls
Tobias Jimenez to second
Batting: RHB Toyozo Yamasaki 0-0: Ball
1-0: Fielders Choice at 2nd, 1-6 (Groundball, 13S)
Tobias Jimenez to third
Batting: RHB Mike Pate 0-0: Ball
1-0: Called Strike
1-1: SINGLE (Groundball, 56D)
Tobias Jimenez scores
Toyozo Yamasaki to second
Batting: RHB Jeff Quesenberry 0-0: Ball
1-0: Foul Ball, location: 2F
1-1: Swinging Strike
1-2: Strikes out looking
Batting: RHB Elwiin Hund 0-0: Ball
1-0: Ball
2-0: Foul Ball, location: 2F
2-1: Fielders Choice at 2nd, 6-4 (Groundball, 6)
Top of the 9th over - 1 run, 2 hits, 0 errors, 2 left on base; Delaware 2 - Athletic Club KC 5
Tuesday, December 19th, 2017 - OOTP Baseball 18.8 Build 76